 Dungeon Crawl Stone Soup version 0.31-b1-17-gcfd88c8481 (webtiles) character file.

Game seed: 9356920288344313350

101 PaiMei the Purveyor of Pain (level 4, -4/30 HPs)
             Began as a Demonspawn Necromancer on Jan 16, 2024.
             Was an Initiate of Kikubaaqudgha.
             Slain by Grinder (6 damage)
             ... on level 4 of the Dungeon.
             The game lasted 00:04:21 (2828 turns).

PaiMei the Purveyor of Pain (DsNe)                  Turns: 2828, Time: 00:04:22

Health: -4/30      AC:  2    Str:  8    XL:     4   Next: 48%
Magic:  8/8        EV: 12    Int: 18    God:    Kikubaaqudgha [......]
Gold:   185        SH:  0    Dex: 13    Spells: 0/8 levels left

rFire   . . .        g - +0 rapier
rCold   . . .        (no shield)
rNeg    . . .        a - +0 robe
rPois   .            (no helmet)
rElec   .            (no cloak)
rCorr   .            (no gloves)
SInv    .            (no boots)
Will    .....        d - amulet of magic regeneration
Stlth   ++           (no ring)
HPRegen 0.25/turn    (no ring)
MPRegen 0.51/turn

%: no passive effects
@: no status effects
A: powered by pain 1
a: Renounce Religion


You were on level 4 of the Dungeon.
You worshipped Kikubaaqudgha.
Kikubaaqudgha was noncommittal.
You visited 2 branches of the dungeon, and saw 5 of its levels.

You collected 185 gold pieces.

Inventory:

Hand Weapons
 c - a +0 dagger
 g - a +0 rapier (weapon)
Armour
 a - a +0 robe (worn)
 e - the +7 chain mail of Bari {rC+ Str+3 SInv}
   (You found it on level 2 of the Dungeon)

   Str+3:     It affects your strength (+3).
   rC+:       It protects you from cold.
   SInv:      It lets you see invisible.
Jewellery
 d - an amulet of magic regeneration (around neck)
 f - a +4 ring of protection
 j - a ring of resist corrosion
 o - an amulet of faith
Wands
 q - a wand of quicksilver (3)
Scrolls
 h - 4 scrolls of fear {unknown}
 k - a scroll of poison {unknown}
 l - 4 scrolls of identify {unknown}
 n - a scroll of blinking {unknown}
Potions
 b - a potion of magic
 i - 2 potions of haste {unknown}
 m - a potion of brilliance {unknown}
 p - a potion of invisibility {unknown}
 r - a potion of berserk rage {unknown}


   Skills:
 + Level 0.0 Fighting
 + Level 2.7 Dodging
 - Level 2.7 Stealth
 + Level 2.7 Spellcasting
 + Level 5.0 Necromancy


You couldn't memorise any spells.
You knew the following spells:

 Your Spells              Type           Power      Damage    Failure   Level
a - Necrotise             Necr           80%        1d8       2%          1
b - Vampiric Draining     Necr           20%        2d7       6%          3
c - Animate Dead          Necr           20%        N/A       22%         4

Your spell library contained the following spells:

 Spells                   Type           Power      Damage    Failure   Level
 Freeze                   Ice            8%         1d3       17%         1
 Frozen Ramparts          Ice            4%         1d1       45%         3
 Hailstorm                Conj/Ice       2%         3d5       45%         3
 Curse of Agony           Necr           20%        N/A       52%         5


Dungeon Overview and Level Annotations

Branches:
Dungeon (4/15)             Temple (1/1) D:4

Altars:
Ashenzari
Dithmenos
Kikubaaqudgha
Makhleb
Nemelex Xobeh
Qazlal
Sif Muna
Trog
Uskayaw
Vehumet
Xom
Yredelemnul

Annotations:
D:4 1 runed translucent door, Grinder


Innate Abilities, Weirdness & Mutations

You sometimes gain a little power by taking damage.


Message History

You hit the kobold zombie.
You destroy the kobold zombie!
Kikubaaqudgha accepts your kill.
Grinder blinks!
Grinder zaps a wand.
The puff of flame hits you.
Found a basalt altar of Yredelemnul.
Grinder closely misses you.
Grinder zaps a wand.
The puff of flame hits you!
Grinder blinks!
Grinder says, "Wait up."
Grinder gestures at you. Pain shoots through your body!
You hit the goblin skeleton.
The goblin skeleton is heavily damaged.
The goblin skeleton hits you.
You hit the goblin skeleton.
The goblin skeleton is severely damaged.
The goblin skeleton closely misses you.
Grinder blinks!
You hit the goblin skeleton.
You destroy the goblin skeleton!
Kikubaaqudgha accepts your kill.
Casting: Necrotise (safe; 2% risk of failure)
Confirm with . or Enter, or press ? or * to list all spells.
You can't see any susceptible monsters within range! (Use Z to cast anyway.) Grinder zaps a wand.
The puff of flame hits you.
* * * LOW HITPOINT WARNING * * *
Casting: Necrotise (safe; 2% risk of failure)
Confirm with . or Enter, or press ? or * to list all spells.
You can't see any susceptible monsters within range! (Use Z to cast anyway.)
Casting: Necrotise (safe; 2% risk of failure)
Confirm with . or Enter, or press ? or * to list all spells.
You can't see any susceptible monsters within range! (Use Z to cast anyway.)
You hit Grinder but do no damage.
Grinder zaps a wand.
The puff of flame hits you.
* * * LOW HITPOINT WARNING * * *
You hit Grinder but do no damage.
Grinder sighs, "No one appreciates my work."
Grinder hits you.
You die...
Grinder says, "Now the real fun starts!"
Kikubaaqudgha rasps: "You have failed me!
Welcome... death!"

###.####.. #.....####
#.#.#.# # #.#.#.####
##### ### #.........
####.... ..# ##...#.####
#8.....# #.# #......#...
#.....5###.###.........#
#.....@.............#..
..#.###..##.###.........#
_.#?+p#.....###....#.####
..#[###..###.........# #.
###......# #.##.#..####..
#.......# #)........##.#
#8......# #...#.#...##..
.#.########..#...#..###.
.....#...#.....#.# #.


You could see Grinder and a neutral human (wandering).

Vanquished Creatures
  2 adders (D:2)
  2 dart slugs (D:1)
  A ribbon worm (D:2)
  2 orcs
  3 endoplasms
  7 giant cockroaches
  7 goblins
  3 hobgoblins
  4 jackals
  8 ball pythons
  7 bats
  3 frilled lizards
  A goblin skeleton (D:4)
  6 kobolds
  A kobold zombie (D:4)
  5 rats
62 creatures vanquished.

Vanquished Creatures (collateral kills)
  2 ball pythons
  An endoplasm (D:2)
  2 goblins (D:1)
  2 jackals
7 creatures vanquished.

Grand Total: 69 creatures vanquished

Notes
Turn   | Place    | Note
-------+----------+-------------------------------------------
     0 | D:1      | PaiMei the Demonspawn Necromancer began the quest for the
                  | Orb.
     0 | D:1      | Reached XP level 1. HP: 13/13 MP: 3/3
   187 | D:1      | Gained mutation: You sometimes gain a little power by
                  | taking damage. [demonic ancestry]
   187 | D:1      | Reached XP level 2. HP: 19/19 MP: 3/5
   453 | D:1      | Reached XP level 3. HP: 24/24 MP: 4/6
   457 | D:1      | Learned a level 3 spell: Vampiric Draining
   509 | D:1      | Found a faded altar of an unknown god.
   786 | D:2      | Identified the +7 chain mail of Bari {rC+ Str+3 SInv}
   891 | D:2      | Found a shimmering blue altar of Sif Muna.
  1263 | D:2      | Reached XP level 4. HP: 4/30 MP: 5/7
  2403 | D:3      | Reached skill level 5 in Necromancy
  2411 | D:3      | Learned a level 4 spell: Animate Dead
  2420 | D:4      | Noticed a sky beast
  2420 | D:4      | Found a stormy altar of Qazlal.
  2558 | D:4      | Found a staircase to the Ecumenical Temple.
  2565 | Temple   | Entered the Ecumenical Temple
  2582 | Temple   | Became a worshipper of Kikubaaqudgha
  2810 | D:4      | Noticed a human
  2811 | D:4      | Found a runed translucent door.
  2813 | D:4      | Noticed Grinder
  2818 | D:4      | Found a basalt altar of Yredelemnul.
  2828 | D:4      | Slain by Grinder

Illustrated notes

Levels and vault maps discovered:
D:1:      saegor_arrival_simple_a, layout_loops_ring,
          chequers_ecumenical_altar_simple
D:2:      layout_basic, basic_altar, reono_crystal_passage
D:3:      layout_basic, minmay_goblin_kobold_house
D:4:      layout_loops_cross, mainiacjoe_overflow_chevrons,
          dk_yredelemnul_ordeal, nicolae_qazlal_beasts_of_the_sky,
          minmay_temple_entry_tees, uniq_grinder
Temple:   compressed_dpeg_triangle_lava_temple

Skill      XL: |  1  2  3  4 |
---------------+-------------+-----
Stealth        | 2 |  2.7
Dodging        | 2 |  2.7
Necromancy     | 5 |  5.0
Spellcasting   | |  2.7

Action                     |  1- 3 |  4- 6 || total
---------------------------+-------+-------++-------
  Melee: Dagger            |     6 |       ||     6
         Rapier            |       |    11 ||    11
   Cast: Necrotise         |    71 |    37 ||   108
 Armour: Robe              |    14 |     8 ||    22
  Dodge: Dodged            |    19 |    13 ||    32
